 Dungeon Crawl Stone Soup version 0.18-a0-1718-g40ea4b6 (webtiles) character file.

387 MenacingMecha the Spear-Bearer (level 6, -1/44 HPs)
             Began as a Merfolk Gladiator on Apr 8, 2016.
             Slain by an orc wizard
             ... wielding a +0 dagger
              (3 damage)
             ... on level 4 of the Dungeon.
             The game lasted 00:10:39 (3755 turns).

MenacingMecha the Spear-Bearer (Merfolk Gladiator)  Turns: 3755, Time: 00:10:39

Health: -1/44      AC:  6    Str: 15    XL:     6   Next: 78%
Magic:  6/6        EV: 19    Int:  7    God:
Gold:   140        SH:  0    Dex: 22    Spells: 0 memorised, 5 levels left

rFire  . . .     SeeInvis .     s - +1 dagger (elec)
rCold  . . .     Gourm    .     r - +0 ring mail (curse)
rNeg   . . .     Faith    .     (no shield)
rPois  .         Spirit   .     c - +0 helmet
rElec  .         Dismiss  .     (no cloak)
rCorr  .         Reflect  .     (no gloves)
SustAt .         Harm     .     (no boots)
MR     .....                    (no amulet)
Stlth  ++........               (no ring)
                                (no ring)

@: agile, not resistant to hostile enchantments, unstealthy
A: change form in water, swift swim
a: no special abilities


You were on level 4 of the Dungeon.
You were not hungry.

You visited 1 branch of the dungeon, and saw 4 of its levels.

You collected 140 gold pieces.

Inventory:

Hand Weapons
 a - a +0 trident
 s - a +1 dagger of electrocution (weapon)
Missiles
 d - 3 throwing nets
 n - 5 curare-tipped needles
 q - 6 poisoned tomahawks (quivered)
Armour
 b - a +0 leather armour
 c - a +0 helmet (worn)
 r - a cursed +0 ring mail (worn)
Wands
 m - a wand of confusion (7/48)
Scrolls
 i - 2 scrolls of identify {unknown}
 j - 2 scrolls of fog {unknown}
 k - 2 scrolls of remove curse {unknown}
 p - a scroll of noise {unknown}
 u - a scroll of immolation {unknown}
Potions
 l - 3 potions of might
 o - a potion of brilliance {unknown}
 t - a potion of invisibility {unknown}
Comestibles
 f - 2 bread rations
 h - 2 royal jellies


   Skills:
 - Level 2.1 Fighting
 + Level 10.5 Polearms
 - Level 2.0 Throwing
 - Level 4.0 Dodging


You had 5 spell levels left.
You didn't know any spells.

Dungeon Overview and Level Annotations

Branches:
Dungeon (4/15)
 Temple: D:4-7

Altars:
Kikubaaqudgha
Pakellas
Qazlal
Sif Muna
Yredelemnul


Message History

* * * LOW HITPOINT WARNING * * *
Something barely misses you. Something hits you but does no damage.
Something hits you.
* * * LOW HITPOINT WARNING * * *
You hear some strange, mumbled words.
A puff of flame appears from out of thin air!
The puff of flame hits you!
* * * LOW HITPOINT WARNING * * *
Unknown command.
Drink which item? (? for menu, Esc to quit)
You feel agile all of a sudden.
You hear some strange, mumbled words.
A puff of frost appears from out of thin air!
The puff of frost misses you.
You closely miss something. Something hits you but does no damage.
Something hits you.
* * * LOW HITPOINT WARNING * * *
You miss something. Something hits you.
You die...

#.# ####.#####
#....o...# #.###.##.# #
#.##.# #.##o# #.##o#
#.##{# #.##@# #.##.#
#.##.#############
#.##.>....<.......
#######.###.###.########
#...........# #.#
###.....#######.# #
#.##### #....# ##. #.#
#.####


You could see 2 orcs.

Vanquished Creatures
  A scorpion (D:4)
  A hound (D:4)
  An orc priest (D:4)
  3 orc wizards (D:4)
  A worker ant (D:4)
  5 adders
  2 oozes (D:2)
  3 worms
  A dart slug (D:1)
  2 giant geckos
  8 orcs
  A ball python (D:2)
  8 bats
  7 giant cockroaches
  4 goblins
  8 hobgoblins
  8 jackals
  A quokka (D:2)
  2 giant newts
  5 kobolds
  A quokka skeleton (D:4)
  5 rats
78 creatures vanquished.

Vanquished Creatures (others)
  An orc wizard (D:4)
1 creature vanquished.

Grand Total: 79 creatures vanquished

Notes
Turn   | Place    | Note
--------------------------------------------------------------
     0 | D:1      | MenacingMecha the Merfolk Gladiator began the quest for the Orb.
     0 | D:1      | Reached XP level 1. HP: 16/16 MP: 1/1
    17 | D:1      | Reached skill level 5 in Polearms
    17 | D:1      | Reached XP level 2. HP: 16/22 MP: 2/2
   409 | D:1      | Reached skill level 6 in Polearms
   409 | D:1      | Reached XP level 3. HP: 27/27 MP: 3/3
   901 | D:2      | Found an oddly glowing altar of Pakellas.
   966 | D:2      | Found a stormy altar of Qazlal.
  1037 | D:2      | Reached skill level 7 in Polearms
  1037 | D:2      | Reached XP level 4. HP: 18/33 MP: 4/4
  1440 | D:2      | Found a deep blue altar of Sif Muna.
  1972 | D:3      | Found an oddly glowing altar of Pakellas.
  2224 | D:3      | Reached skill level 8 in Polearms
  2224 | D:3      | Reached XP level 5. HP: 34/38 MP: 5/5
  2372 | D:3      | Found a basalt altar of Yredelemnul.
  2579 | D:3      | Found an ancient bone altar of Kikubaaqudgha.
  2854 | D:4      | HP: 1/38 [worker ant (5)]
  3198 | D:4      | Reached skill level 9 in Polearms
  3211 | D:4      | Reached XP level 6. HP: 21/44 MP: 6/6
  3459 | D:4      | Reached skill level 10 in Polearms
  3754 | D:4      | HP: 2/44 [something (3)]
  3755 | D:4      | Slain by an orc wizard

Vault maps used:
D:1:      dpeg_arrival_water_temple_mockup
D:2:      lemuel_round_altar, nicolae_qazlal_general_emergency,
          lemuel_blue_sif_altar, first_bread
D:3:      yredelemnul_altar_generic, nicolae_overflow_hidden_temple,
          lemuel_crystal_altar, grunt_pakellas_sulfur
D:4:      lemuel_round_altar

Skill      XL: |  1  2  3  4  5  6 |
---------------+-------------------+-----
Polearms       | 5 6 7 8 9 10 | 10.5
Fighting       | |  2.1
Throwing       | |  2.0
Dodging        | |  4.0

Action                   |  1- 3 |  4- 6 || total
-------------------------+-------+-------++-------
Melee: Trident           |   101 |   216 ||   317
       Dagger            |       |    40 ||    40
Throw: Tomahawk          |       |     2 ||     2
Evoke: Wand              |     1 |     1 ||     2
  Use: Potion            |     2 |     4 ||     6
 Stab: Distracted        |     1 |       ||     1
  Eat: Chunk             |       |     9 ||     9
